AoeStats
← speed demon

Arabia

509667612Analyzed
2v2 RM · 4d ago on Sep 27, 2026· 42m 44s· 4 players
Game mode
Random Map
Map size
Medium (4 player)
Population
200
Speed
Normal
Resources
Standard
Victory
Conquest
Starting age
Dark Age
Ending age
Imperial Age
RankedLock teamsTeams togetherTeam positionsShared explorationLock speedFull tech treeHidden civsTurbo modeCheats
Victory
Defeat
🇬🇧 Maya · United Kingdom
1313
+15
🇬🇧 Varangians · United Kingdom
1241
+19
🇮🇳 Mongols · India
1292
-17
🇮🇳 Persians · India
1292
-17
Jeff Jezos
6:17 Loom
9:46 Feudal Age
10:25 Double-Bit Axe
23:16 Castle Age
23:59 Pikeman
24:21 Light Cavalry
25:01 Husbandry
25:41 Squires
25:49 Scale Mail Armor
26:00 Forging
28:30 Chain Mail Armor
28:55 Iron Casting
33:00 Wheelbarrow
33:04 Bow Saw
32:47 Horse Collar
33:49 Arson
34:59 Hand Cart
35:23 Gambesons
37:42 Town Watch
42:14 Gold Mining
45:22 Imperial Age
Wallace gang
0:25 Loom
9:49 Feudal Age
10:46 Double-Bit Axe
22:13 Castle Age
20:57 Fletching
21:48 Padded Archer Armor
22:22 Crossbowman
23:12 Thumb Ring
23:16 Bodkin Arrow
23:56 Gold Mining
28:26 Ballistics
28:08 Scale Mail Armor
30:20 Pikeman
32:22 Leather Archer Armor
42:22 Imperial Age
43:15 Wheelbarrow
GRIM REAPER
9:12 Feudal Age
9:22 Loom
11:36 Double-Bit Axe
14:20 Forging
17:33 Town Watch
24:44 Castle Age
23:22 Bloodlines
23:00 Horse Collar
24:14 Scale Barding Armor
25:50 Chain Barding Armor
25:29 Light Cavalry
37:17 Husbandry
40:06 Man-at-Arms
40:47 Squires
40:49 Scale Mail Armor
speed demon
6:06 Loom
8:45 Feudal Age
19:45 Double-Bit Axe
21:43 Bloodlines
22:59 Scale Barding Armor
23:39 Forging
27:44 Castle Age
32:30 Husbandry
33:38 Chain Barding Armor
Connection lost

Rejoining the realm…

Still unreachable

The connection could not be restored.

Session expired

The server has moved on; the page needs a fresh start.